Map: Ascension to Aiur LE

Players

liquidthermy (uThermal)

  • Race: Terran Terran
  • League: Master
  • Spawn Location: 5:00

Zest - Winner!

  • Race: Protoss Protoss
  • League: Master
  • Spawn Location: 11:00

Event: HomeStory Cup XV

VOD

Have the link to the VOD?

Description

Time

  • Played on: July 23, 2017, 1:10 p.m.
  • Length: 13:47

All games in this series

Show
View Real Time Build Order
Export as new Build Order

liquidthermy Terran 

Build Orders: Reaper Expand, MMM Bio 

Get SALT Encoding   

  12  0:01  SCV  
  13  0:14  SCV  
  14  0:17  Supply Depot  
  14  0:26  SCV  
  15  0:30  Refinery  
  15  0:38  SCV  
  16  0:44  Barracks  
  16  0:50  SCV  
  17  1:03  SCV  
  18  1:15  SCV  
  19  1:31  Orbital Command, Reaper  
  20  1:45  Command Center  
  20  1:57  SCV  
  20  2:00  Factory  
  21  2:07  Barracks Reactor  
  21  2:09  SCV  
  21  2:13  Supply Depot  
  22  2:20  Refinery  
  22  2:21  SCV  
  23  2:35  SCV  
  24  2:45  Starport  
  24  2:47  SCV  
  24  2:50  Hellion x2  
  29  2:56  Orbital Command  
  29  2:59  SCV  
  29  3:02  Marine  
  31  3:10  Engineering Bay  
  31  3:11  SCV  
  32  3:21  Medivac  
  32  3:23  SCV x2  
  32  3:25  Hellion  
  38  3:31  Hellion  
  38  3:32  Marine  
  41  3:37  Supply Depot  
  41  3:40  SCV  
  43  3:45  Missile Turret  
  43  3:47  Missile Turret  
  41  3:51  SCV  
  42  3:58  SCV  
  42  4:02  Marine, Cyclone  
  47  4:03  SCV  
  47  4:04  Marine  
  47  4:09  Supply Depot  
  49  4:10  SCV  
  49  4:15  SCV  
  51  4:19  Viking  
  51  4:22  SCV  
  54  4:29  Supply Depot  
  54  4:30  Marine x2, SCV  
  57  4:34  SCV  
  56  4:42  SCV  
  57  4:46  SCV  
  58  4:53  Marine  
  58  4:54  Command Center  
  58  4:55  SCV  
  58  4:59  SCV  
  58  5:06  Refinery  
  57  5:07  SCV, Engineering Bay  
  57  5:09  Refinery  
  57  5:11  SCV  
  55  5:15  Starport Reactor, Factory Reactor  
  55  5:17  Barracks  
  55  5:18  Barracks  
  55  5:19  SCV  
  55  5:20  Barracks Tech Lab  
  56  5:22  Terran Infantry Weapons Level 1  
  56  5:23  SCV  
  57  5:31  SCV  
  57  5:34  Terran Infantry Armor Level 1  
  57  5:35  SCV  
  59  5:38  Marine, Bunker  
  59  5:39  Stimpack  
  60  5:43  SCV  
  60  5:47  SCV  
  62  5:55  SCV  
  62  5:56  Missile Turret  
  63  5:59  SCV  
  63  6:01  Factory Reactor  
  64  6:07  SCV, Barracks  
  64  6:08  Starport Reactor  
  64  6:09  Marine  
  64  6:10  Barracks  
  66  6:14  Orbital Command  
  66  6:15  Marine x2  
  66  6:19  Marine, SCV  
  66  6:20  SCV, Marine, Armory  
  68  6:27  Marine  
  68  6:31  SCV  
  68  6:32  SCV  
  69  6:33  Marine x2  
  69  6:36  Marine  
  69  6:38  Marine  
  72  6:40  SCV  
  72  6:43  SCV  
  72  6:44  SCV  
  72  6:45  Marine  
  76  6:47  Factory Reactor  
  76  6:50  Supply Depot  
  76  6:51  Marine, Supply Depot  
  76  6:52  Marine, SCV  
  78  6:54  Marine  
  78  6:56  SCV, Marine x2  
  78  6:59  Marine  
  81  7:01  Medivac x2  
  81  7:02  Marine  
  81  7:06  SCV  
  82  7:09  Marine, SCV  
  82  7:10  Supply Depot  
  82  7:11  Marine x3, SCV  
  82  7:13  Marine  
  86  7:15  Marine  
  87  7:24  Marine, Terran Infantry Weapons Level 2  
  87  7:25  Marine x2  
  87  7:26  Marine  
  87  7:29  Bunker  
  91  7:33  Supply Depot  
  91  7:35  SCV x2  
  91  7:36  SCV  
  94  7:39  Combat Shields  
  94  7:40  Supply Depot  
  94  7:44  Supply Depot  
  93  7:47  SCV x2  
  93  7:48  Marine x2  
  93  7:49  Marine x5  
  102  7:51  Sensor Tower, Widow Mine  
  102  7:52  Supply Depot  
  102  7:55  Medivac  
  102  7:56  Medivac  
  108  8:01  Marine  
  108  8:02  Supply Depot  
  108  8:04  Supply Depot  
  106  8:06  SCV, Marine  
  106  8:08  SCV  
  106  8:09  SCV  
  106  8:10  Marine x3  
  106  8:11  Marine x2  
  106  8:12  Widow Mine  
  117  8:15  Terran Infantry Armor Level 2  
  117  8:17  Supply Depot  
  117  8:22  Marine  
  117  8:25  Medivac  
  117  8:26  Medivac  
  122  8:28  Marine  
  122  8:30  Marine x3, Widow Mine  
  122  8:31  Marine  
  122  8:33  Marine x2  
  131  8:36  Marine  
  131  8:40  Marine, Widow Mine  
  133  8:45  Marine  
  133  8:47  Marine  
  130  8:48  Marine x2  
  130  8:49  Marine  
  130  8:50  Marine  
  130  8:51  Marine  
  130  8:54  Marine  
  130  8:55  Medivac  
  125  8:57  Barracks  
  125  8:59  Marine, Barracks  
  125  9:00  Widow Mine  
  125  9:02  Barracks  
  128  9:04  Marine  
  128  9:07  Medivac  
  128  9:08  Marine x2  
  128  9:09  Widow Mine  
  135  9:12  Marine  
  135  9:13  Marine x2  
  135  9:14  Marine  
  135  9:16  Marine  
  140  9:19  Marine, Supply Depot  
  140  9:21  Supply Depot  
  140  9:23  Marine  
  142  9:26  Marine  
  142  9:27  Marine  
  142  9:30  Marine x2  
  146  9:32  Medivac  
  146  9:33  Marine x2  
  146  9:34  Marine  
  146  9:37  Medivac  
  151  9:41  Marine  
  151  9:44  Marine x2  
  142  9:46  Marine  
  142  9:48  Marine x2  
  142  9:50  Marine, Widow Mine  
  147  9:53  Widow Mine  
  131  10:02  Medivac  
  131  10:03  Marine x2  
  131  10:04  Marine  
  131  10:05  Marine x2  
  135  10:07  Medivac  
  135  10:08  Terran Infantry Weapons Level 3  
  135  10:11  Barracks Reactor, Barracks Tech Lab x2  
  136  10:17  Marine  
  137  10:24  Marine x3  
  137  10:25  Marauder  
  137  10:26  Marine x2  
  137  10:27  Command Center  
  144  10:28  Widow Mine  
  144  10:29  Widow Mine  
  144  10:30  Marine  
  149  10:37  Terran Infantry Armor Level 3  
  149  10:41  Marine x3  
  151  10:44  Medivac  
  151  10:45  Marine  
  151  10:46  Marauder  
  156  10:50  Marine  
  156  10:51  Marine x2  
  156  10:52  Marine x2  
  156  10:53  Marine  
  155  11:04  Medivac  
  156  11:11  Marine  
  156  11:12  Marauder, Ghost Academy  
  156  11:15  Marine  
  156  11:16  Marauder  
  156  11:18  Marine  
  163  11:21  Marine  
  163  11:22  Marauder  
  163  11:23  Marine x2  
  163  11:24  Marine  
  169  11:29  Marine  
  169  11:30  Marine  
  163  11:33  Marauder  
  163  11:37  Marauder  
  153  11:40  Marine  
  153  11:43  Marauder, Marine x2  
  145  11:53  Marine  
  145  11:54  Planetary Fortress  
  145  11:55  Marauder, Medivac x2  
  145  11:56  Marine x2  
  145  12:01  Marauder, Marine x2  
  153  12:02  Marine  
  108  12:24  Marine  
  108  12:25  Marauder, Medivac x2  
  108  12:27  Marauder, Marine x3  
  108  12:29  Marauder, Marine x3  
  108  12:31  Marine  
  108  12:36  Marine  
  110  12:37  Marine  
  110  12:42  Marine  
  110  12:44  Widow Mine  
  112  12:46  Marauder  
  112  12:47  Marine x2  
  112  12:49  Marine  
  112  12:51  Marauder  
  121  12:56  Marine  
  122  12:59  Widow Mine  
  122  13:01  Marine  
  122  13:03  Marine  
  114  13:06  Marine  
  114  13:07  Marauder, Marine  
  121  13:16  Marine  
  121  13:19  Marine  
  112  13:28  Marine x2  
Show
View Real Time Build Order
Export as new Build Order

Zest Protoss - Winner!

Build Orders: 1 Gate Expand, Oracle Opening, Phoenix Opening 

Get SALT Encoding   

  12  0:01  Probe (Chrono Boost)  
  13  0:11  Probe (Chrono Boost)  
  14  0:17  Pylon  
  14  0:22  Probe (Chrono Boost)  
  15  0:35  Probe (Chrono Boost)  
  16  0:37  Gateway  
  16  0:46  Probe (Chrono Boost), Assimilator  
  17  0:56  Probe (Chrono Boost)  
  18  1:07  Probe (Chrono Boost)  
  19  1:21  Nexus  
  19  1:31  Cybernetics Core  
  19  1:34  Probe (Chrono Boost)  
  19  1:39  Assimilator  
  20  1:45  Probe (Chrono Boost)  
  21  1:50  Pylon  
  21  1:55  Probe (Chrono Boost)  
  22  2:05  Probe (Chrono Boost)  
  22  2:08  Adept (Chrono Boost)  
  25  2:15  Stargate  
  25  2:18  Probe  
  26  2:24  Warp Gate  
  26  2:30  Probe (Chrono Boost)  
  26  2:31  Adept (Chrono Boost)  
  26  2:34  Probe (Chrono Boost)  
  30  2:41  Probe (Chrono Boost)  
  31  2:45  Probe (Chrono Boost)  
  32  2:52  Probe (Chrono Boost)  
  32  2:54  Probe (Chrono Boost)  
  32  2:57  Oracle (Chrono Boost)  
  37  3:03  Probe  
  37  3:04  Probe  
  38  3:12  Gateway  
  39  3:15  Probe x2  
  41  3:24  Pylon  
  41  3:25  Probe  
  41  3:27  Probe  
  41  3:29  Phoenix (Chrono Boost)  
  45  3:36  Probe  
  46  3:42  Probe  
  46  3:46  Nexus  
  47  3:50  Pylon  
  47  3:55  Phoenix (Chrono Boost)  
  49  3:56  Mothership Core  
  51  4:09  Assimilator  
  51  4:13  Assimilator  
  51  4:16  Phoenix (Chrono Boost)  
  53  4:26  Probe  
  53  4:28  Probe  
  53  4:30  Adept x2  
  59  4:40  Phoenix (Chrono Boost)  
  59  4:41  Pylon, Probe  
  62  4:56  Probe  
  62  4:58  Probe  
  64  5:01  Probe  
  64  5:02  Phoenix (Chrono Boost)  
  67  5:07  Probe  
  67  5:08  Forge, Twilight Council  
  67  5:10  Probe  
  67  5:12  Probe  
  69  5:17  Probe  
  71  5:22  Probe  
  71  5:23  Probe  
  71  5:24  Phoenix (Chrono Boost)  
  71  5:28  Probe  
  75  5:29  Protoss Ground Armor Level 1 (Chrono Boost)  
  76  5:40  Gateway x2  
  76  5:42  Gateway  
  76  5:43  Phoenix  
  76  5:44  Charge (Chrono Boost)  
  76  5:47  Gateway  
  78  5:51  Gateway  
  78  5:53  Probe x2  
  78  5:54  Probe, Pylon  
  81  6:05  Probe  
  81  6:06  Probe x2  
  81  6:09  Phoenix  
  84  6:17  Probe  
  84  6:18  Probe  
  88  6:32  Probe x3  
  89  6:43  Robotics Facility  
  89  6:44  Probe x2, Templar Archives  
  89  6:45  Probe  
  89  6:46  Pylon  
  92  6:48  Pylon  
  92  6:51  Pylon  
  92  6:52  Pylon, Assimilator  
  92  6:53  Pylon  
  92  6:56  Assimilator  
  92  7:03  Nexus  
  92  7:05  Phoenix  
  92  7:06  Pylon  
  94  7:16  Zealot x6  
  94  7:17  Psionic Storm  
  94  7:19  Blink (Chrono Boost)  
  94  7:22  Protoss Ground Weapons Level 1 (Chrono Boost)  
  106  7:23  Probe  
  106  7:24  Probe  
  106  7:25  Probe  
  106  7:29  Warp Prism (Chrono Boost)  
  104  7:36  Pylon, Probe  
  104  7:37  Probe x2  
  109  7:41  Sentry  
  109  7:42  Sentry  
  113  7:47  High Templar x2  
  117  7:51  Gateway  
  117  7:52  Pylon x2  
  117  8:01  Photon Cannon  
  117  8:02  Photon Cannon  
  117  8:06  Observer  
  117  8:07  Photon Cannon  
  117  8:08  Photon Cannon  
  118  8:12  Zealot  
  118  8:13  Zealot x3  
  118  8:15  Probe  
  118  8:16  Probe x3  
  118  8:19  High Templar x3  
  136  8:27  Immortal  
  140  8:41  Zealot x4  
  145  8:57  Probe x2  
  145  8:58  Probe  
  145  8:59  Photon Cannon  
  145  9:01  Assimilator  
  148  9:04  Robotics Facility  
  148  9:05  Assimilator  
  148  9:06  Protoss Ground Armor Level 2 (Chrono Boost), Robotics Bay  
  148  9:15  Stalker x3  
  148  9:16  Stalker x5  
  162  9:26  Pylon  
  158  9:33  Gateway  
  158  9:35  Gateway  
  158  9:37  Gateway  
  158  9:39  Gateway  
  152  9:53  Extended Thermal Lance  
  152  9:59  Stalker x4  
  132  10:00  Zealot x4  
  132  10:02  High Templar  
  132  10:03  Warp Prism (Chrono Boost), High Templar x2  
  132  10:05  Colossus (Chrono Boost)  
  128  10:08  Zealot x4  
  135  10:33  High Templar  
  137  10:37  Zealot  
  137  10:39  Stalker x6  
  137  10:40  Stalker  
  151  10:55  Sentry  
  165  10:57  Colossus x2 (Chrono Boost)  
  165  11:10  Sentry, Stalker x3  
  165  11:11  Stalker x4  
  179  11:14  Pylon  
  179  11:16  Pylon  
  179  11:17  Zealot x2  
  179  11:27  Nexus  
  179  11:28  Pylon  
  179  11:31  Pylon  
  177  11:37  Zealot x4  
  177  11:38  Zealot x8  
  189  11:50  Colossus (Chrono Boost)  
  187  11:56  Colossus (Chrono Boost)  
  199  12:03  Photon Cannon  
  199  12:05  Photon Cannon  
  173  12:24  Stalker x12  
  189  12:42  Forge  
  189  12:49  Zealot x5  
  191  13:10  Zealot  
  191  13:11  Zealot x6  
  196  13:17  Stalker  
  196  13:18  Stalker x2  
  187  13:26  Zealot x2  
  190  13:32  Zealot x6  
  190  13:33  Zealot  
  197  13:39  Archon  
  181  13:43  Zealot x3  
Tags
 
Add a new tag
Caveats
  • Supply blocks, unpowered buildings, or Contaminate may cause inaccurate times.
  • Supply counts are checked every 10 seconds.